 Dungeon Crawl Stone Soup version 0.21-a0-369-g397cdb2 (webtiles) character file.

45113 theanonym the Cleaver (level 14, -4/94 HPs)
             Began as a Gargoyle Berserker on Oct 15, 2017.
             Was a Priest of Trog.
             Slain by a sun demon (5 damage)
             ... summoned by an orc sorcerer
             ... on level 2 of the Orcish Mines.
             The game lasted 01:17:17 (19588 turns).

theanonym the Cleaver (Gargoyle Berserker)         Turns: 19588, Time: 01:17:18

Health: -4/94      AC: 33    Str: 25    XL:     14   Next: 31%
Magic:  14/14      EV:  8    Int:  9    God:    Trog [***...]
Gold:   2222       SH: 12    Dex:  9    Spells: 13/13 levels left

rFire    + + .     SeeInvis .   z - +0 war axe (flame)
rCold    . . .     Gourm    .   H - +0 shield
rNeg     + + .     Faith    .   k - +2 chain mail {rF+}
rPois    ∞         Spirit   .   Q - +2 helmet
rElec    +         Reflect  .   B - +0 cloak
rCorr    .         Harm     .   l - +0 pair of gloves
MR       +....                  G - +0 pair of boots
Stlth    ..........             (no amulet)
HPRegen  1.25/turn              d - ring of positive energy
MPRegen  0.14/turn              u - ring of protection from fire

@: vulnerable, berserk cooldown, regenerating, slowed, drained, very slow
A: big wings, negative energy resistance 1, electricity resistance, unbreathing,
petrification resistance, rot immunity, AC +10
a: Fly, Berserk, Trog's Hand, Burn Spellbooks, Renounce Religion


You were on level 2 of the Orcish Mines.
You worshipped Trog.
Trog was most pleased with you.
You were very hungry.

You visited 3 branches of the dungeon, and saw 17 of its levels.
You also visited: Labyrinth.

You collected 2312 gold pieces.
You spent 90 gold pieces at shops.

Inventory:

Hand Weapons
 r - a +0 battleaxe of flaming
   (You took it off an orc warrior on level 1 of the Orcish Mines)
 z - a +0 war axe of flaming (weapon)
   (You took it off a naga on level 4 of the Lair of Beasts)
Missiles
 f - 3 poisoned javelins {god gift}
 v - a tomahawk
 I - 2 javelins of penetration (quivered)
 V - 3 javelins
 W - a throwing net
Armour
 a - a +2 large shield
   (You took it off an orc warlord on level 10 of the Dungeon)
 k - a +2 chain mail of fire resistance (worn)
   (You took it off an orc on level 2 of the Orcish Mines)
 l - a +0 pair of gloves (worn)
   (You found it on level 3 of the Dungeon)
 B - a +0 cloak (worn)
   (You found it on level 4 of the Dungeon)
 G - a +0 pair of boots (worn)
   (You found it on level 7 of the Dungeon)
 H - a +0 shield (worn)
   (You found it on level 7 of the Dungeon)
 Q - a +2 helmet (worn)
   (You found it on level 10 of the Dungeon)
 X - a +2 crystal plate armour
   (You found it in a labyrinth)
Jewellery
 d - a ring of positive energy (left hand)
   (You found it on level 3 of the Lair of Beasts)
 s - an uncursed ring of protection from cold
   (You found it on level 3 of the Lair of Beasts)
 u - a ring of protection from fire (right hand)
   (You found it on level 3 of the Dungeon)
 E - the ring "Ymnoc" {Fire Int+4 Dex+2 Stlth-}
   (You found it on level 5 of the Dungeon)

   [ring of fire]

   It enhances your fire magic.
   It affects your intelligence (+4).
   It affects your dexterity (+2).
   It protects you from fire.
   It makes you vulnerable to cold.
   It makes you less stealthy.
Wands
 g - a wand of digging (24/24)
   (You found it on level 2 of the Lair of Beasts)
 j - a wand of confusion (32/48)
   (You found it on level 4 of the Lair of Beasts)
 m - a wand of enslavement (17/24)
   (You found it on level 7 of the Dungeon)
 n - a wand of paralysis (18/24)
   (You found it on level 7 of the Dungeon)
 D - a wand of iceblast (10/15)
   (You found it in a labyrinth)
 O - a wand of acid (10/15)
   (You found it on level 9 of the Dungeon)
Scrolls
 h - 4 scrolls of magic mapping
 i - 3 scrolls of teleportation
 p - 10 scrolls of remove curse
 q - 3 scrolls of fear {!r}
 y - 3 scrolls of recharging
 A - 4 scrolls of enchant weapon
 K - a scroll of noise {unknown}
 L - a scroll of summoning {unknown}
 P - 2 scrolls of fog {!r}
 R - a scroll of enchant armour
 Y - a scroll of random uselessness {unknown}
Potions
 o - 2 potions of curing
 x - 2 potions of agility {unknown}
Miscellaneous
 e - a phial of floods
   (You found it on level 2 of the Lair of Beasts)
Comestibles
 b - 13 fruits
 c - 16 bread rations
 t - 12 royal jellies
 w - a chunk of flesh


   Skills:
 + Level 13.0(12.8) Fighting
 * Level 13.9(13.8) Axes
 + Level 12.8(12.6) Armour
 - Level 1.5(1.4) Dodging
 + Level 10.7(10.6) Shields


You had 13 spell levels left.
You didn't know any spells.

Dungeon Overview and Level Annotations

Branches:
Dungeon (10/15)            Temple (0/1) D:4            Lair (5/6) D:10
  Swamp (0/4) Lair:4        Snake (0/4) Lair:4        Slime (0/5) Lair:5
    Orc (2/2) D:10            Elf (0/3) Orc:2

Altars:
Ashenzari
Cheibriados
Elyvilon
Hepliaklqana
Okawaru
Qazlal
Sif Muna
Trog
Zin
The Shining One

Shops:
D:10 [

Annotations:
D:4 exclusion: phantom
D:9 exclusion: door
Lair:5 exclusion: 3 oklob plants


Innate Abilities, Weirdness & Mutations

You are resistant to torment.
Your stone body is resilient. (AC +10)
You are immune to poison.
Your large and strong wings let you fly indefinitely.
You resist negative energy. (rN+)
You are resistant to electric shocks. (rElec)
You can survive without breathing.
You are immune to petrification.
You are immune to rotting.


Message History

The orc knight hits you but does no damage.
The smoke demon hits you but does no damage. x2
The smoke demon closely misses you. You block the hellwing's attack.
The hellwing closely misses you.
The orc sorcerer hits you but does no damage.
The orc sorcerer casts a spell.
You regained 2 hp, and now have 38/94 hp.
You barely miss the orc sorcerer. You closely miss the hellwing.
You hit the smoke demon but do no damage.
The smoke demon disappears in a puff of smoke!
The hellwing hits you but does no damage. x2
The orc sorcerer hits you but does no damage.
You block the orc knight's attack. You block the hellwing's attack.
The hellwing hits you but does no damage.
Okay, then.
Really read
q - 4 scrolls of fear {!r}?
As you read the scroll of fear {!r}, it crumbles to dust.
You assume a fearsome visage.
The hellwing is unaffected.
The hellwing is unaffected.
The sun demon is unaffected.
The orc sorcerer looks frightened!
The orc knight looks frightened!
The orc sorcerer looks frightened!
The hellwing hits you but does no damage.
You block the hellwing's attack. x2; The hellwing closely misses you.
The hellwing hits you but does no damage.
You block the hellwing's attack.
You regained 2 hp, and now have 41/94 hp.
The sun demon hits you.
* * * LOW HITPOINT WARNING * * *
You are engulfed in flames.
You resist.
* * * LOW HITPOINT WARNING * * *
The hellwing hits you but does no damage.
You block the hellwing's attack.
The sun demon hits you but does no damage.
The hellwing completely misses you. The hellwing closely misses you.
You take 9 damage, and have 32/94 hp.
The hellwing swoops through the air toward you!
The hellwing hits you but does no damage.
You block the hellwing's attack. The hellwing barely misses you.
You block the hellwing's attack.
You regained 2 hp, and now have 34/94 hp.
The hellwing disappears in a puff of smoke!
The orc sorcerer no longer looks unusually strong.
You block the hellwing's attack.
The hellwing hits you but does no damage.
You block the sun demon's attack.
You regained 2 hp, and now have 36/94 hp.
The hellwing hits you.
* * * LOW HITPOINT WARNING * * *
The hellwing hits you.
* * * LOW HITPOINT WARNING * * *
The hellwing hits you but does no damage.
You block the hellwing's attack.
You take 5 damage, and have 31/94 hp.
As you read the scroll labeled VIULACUHUECH, it crumbles to dust.
It is a scroll of enchant armour.
Your +1 crystal plate armour glows green for a moment.
The sun demon hits you but does no damage.
The hellwing hits you but does no damage.
You block the hellwing's attack.
Cornered, the orc sorcerer turns to fight!
The sun demon hits you!
* * * LOW HITPOINT WARNING * * *
You are engulfed in flames.
You resist.
* * * LOW HITPOINT WARNING * * *
You take 17 damage, and have 14/94 hp.
Here: a sun demon (summoned)
The floor.
Okay, then.
Okay, then.
Okay, then.
Unknown command.
Okay, then.
Okay, then.
Okay, then.
Here: a sun demon (summoned)
The floor.
Unknown command.
As you read the scroll labeled DEGGEO FEREPA, it crumbles to dust.
It is a scroll of brand weapon.
Your +0 war axe of draining is engulfed in flames!
z - a +0 war axe of flaming (weapon)
You feel the effects of Trog's Hand fading.
The sun demon hits you but does no damage.
The hellwing hits you but does no damage. x2
You block the sun demon's attack. You block the hellwing's attack.
The hellwing barely misses you.
You regained 2 hp, and now have 16/94 hp.
As you read the scroll labeled FYOQEPS ANEET, it crumbles to dust.
Magic quickly surges around you.
It was a scroll of vulnerability.
The sun demon hits you.
* * * LOW HITPOINT WARNING * * *
You are engulfed in flames.
You resist.
* * * LOW HITPOINT WARNING * * *
You block the hellwing's attack. The hellwing closely misses you.
The sun demon hits you!
* * * LOW HITPOINT WARNING * * *
You are engulfed in flames.
You resist.
You die...

........# .#...#.## #####
..#....## ##...###
........### ##((.[o.##
..........######...o()..###
....[......#.##...o##)....#
......##.)[..##...####43..#
.........[#..#..34# .....#
...[....)#[.....@## ÷.....#
...[...####[.....#
......### ..#....#
#......### .§..(.#.##
#.###.## ##.....)#.#
÷.....#..## ...####
##.......#.# ..÷...#...#
...# #..........# ##....
#.## ##........)## #....#
### #..........# ###.... #
##.#..#....### ##..#..#


You could see a sun demon, a hellwing and 2 orc sorcerers.

Vanquished Creatures
  Rupert (Lair:4)
  5 orc warlords
  A stone giant (Orc:1)
  Josephine (D:10)
  A hydra (Lair:3)
  4 two-headed ogres
  4 orc high priests
  Sonja (Lair:4)
  6 orc knights
  5 orc sorcerers
  6 elephants (Lair:3)
  Psyche (D:8)
  A black mamba (Lair:2)
  2 rime drakes (Lair:5)
  3 spiny frogs
  2 komodo dragons
  A merfolk (D:10)
  4 trolls
  A queen bee (D:9)
  4 blink frogs (Lair:3)
  Prince Ribbit (D:9)
  5 hippogriffs
  2 redbacks (Lab)
  14 yaks
  3 basilisks
  3 wraiths (D:10)
  6 nagas (Lair:4)
  10 wargs
  3 water moccasins
  The ghost of Humpert the Sneak, an amateur SpAs of Dithmenos (D:4)
  7 porcupines
  32 orc warriors
  2 ice beasts
  A necrophage (D:8)
  3 sky beasts
  3 centaurs
  6 ogres
  8 wolves
  6 crocodiles
  A big kobold (D:8)
  4 bullfrogs
  A gnoll sergeant (D:8)
  2 scorpions
  20 killer bees
  3 wights (D:7)
  6 electric eels (Lair:4)
  7 howler monkeys
  3 crimson imps
  A jelly (D:7)
  2 bullfrog skeletons
  3 hounds
  18 orc wizards
  19 orc priests
  3 centaur skeletons
  Jessica (D:3)
  An iguana (D:6)
  9 worker ants
  A killer bee zombie (D:8)
  2 worker ant zombies
  5 gnolls
  10 adders
  3 shadow imps
  An adder skeleton (D:6)
  2 adder zombies
  3 worms
  6 dart slugs
  8 leopard geckos
  92 orcs
  3 giant cockroaches
  5 goblins
  10 hobgoblins
  6 jackals
  4 quokkas
  A ball python (D:1)
  9 bats
  6 frilled lizards
  11 kobolds
  A leopard gecko skeleton (D:9)
  A quokka zombie (D:5)
  6 rats
  2 fungi
  A plant (Lair:3)
473 creatures vanquished.

Vanquished Creatures (collateral kills)
  A minotaur (Lab)
  A hydra (Lair:4)
  A two-headed ogre (D:8)
  3 wraiths (D:10)
  A porcupine (Lair:3)
  7 killer bees (D:9)
14 creatures vanquished.

Vanquished Creatures (others)
  An orc wizard (Orc:2)
  An orc (Orc:2)
  2 fungi
4 creatures vanquished.

Grand Total: 491 creatures vanquished

Notes
Turn   | Place    | Note
-------+----------+-------------------------------------------
     0 | D:1      | theanonym the Gargoyle Berserker began the quest for the Orb.
     0 | D:1      | Reached XP level 1. HP: 14/14 MP: 1/1
   262 | D:1      | Reached XP level 2. HP: 18/19 MP: 2/2
   434 | D:1      | Reached skill level 3 in Axes
   867 | D:1      | Reached XP level 3. HP: 24/24 MP: 3/3
  1561 | D:2      | Reached skill level 3 in Armour
  1568 | D:2      | Reached ** piety under Trog
  1568 | D:2      | Reached skill level 4 in Fighting
  1578 | D:2      | Reached XP level 4. HP: 23/29 MP: 4/4
  2463 | D:3      | Reached XP level 5. HP: 28/34 MP: 5/5
  2580 | D:3      | Found a glowing golden altar of the Shining One.
  3278 | D:3      | Noticed Jessica
  3289 | D:3      | Killed Jessica
  3289 | D:3      | Reached skill level 4 in Armour
  3421 | D:4      | Reached skill level 4 in Axes
  3427 | D:4      | Reached XP level 6. HP: 40/40 MP: 6/6
  3428 | D:4      | Reached skill level 5 in Fighting
  3599 | D:4      | Noticed a phantom
  3600 | D:4      | Found a staircase to the Ecumenical Temple.
  3823 | D:4      | Noticed Humpert's ghost (amateur SpAs)
  3834 | D:4      | Killed Humpert's ghost
  3895 | D:4      | Reached XP level 7. HP: 44/44 MP: 7/7
  4045 | D:4      | Found a snail-covered altar of Cheibriados.
  4130 | D:4      | Reached skill level 5 in Armour
  4207 | D:5      | Entered Level 5 of the Dungeon
  4281 | D:5      | Found Zin's Purification Station.
  4286 | D:5      | Found a glowing silver altar of Zin.
  4322 | D:5      | Bought a potion of curing for 90 gold pieces
  4378 | D:5      | Got a transparent platinum ring
  4379 | D:5      | Identified the ring "Ymnoc" {Fire Int+4 Dex+2 Stlth-} (You found it on level 5 of the Dungeon)
  4552 | D:5      | Reached skill level 6 in Fighting
  4552 | D:5      | Reached skill level 5 in Axes
  4699 | D:5      | Reached *** piety under Trog
  5372 | D:5      | Reached skill level 6 in Armour
  5372 | D:5      | Reached XP level 8. HP: 49/52 MP: 8/8
  5595 | D:5      | Found a bloodstained altar of Trog.
  5759 | D:6      | Reached skill level 7 in Fighting
  5978 | D:6      | Got a pitted scale mail
  5982 | D:6      | Reached skill level 6 in Axes
  5993 | D:6      | Identified the cursed +0 scale mail "Ewizidd" {Dex+2} (You found it on level 6 of the Dungeon)
  6260 | D:6      | Noticed an air elemental
  6262 | D:6      | Found a stormy altar of Qazlal.
  6263 | D:6      | Noticed a water elemental
  6503 | D:7      | Reached skill level 7 in Armour
  6535 | D:7      | Found a white marble altar of Elyvilon.
  6602 | D:7      | Reached XP level 9. HP: 57/57 MP: 9/9
  6608 | D:7      | Reached **** piety under Trog
  6610 | D:7      | Reached skill level 7 in Axes
  6797 | D:7      | Reached skill level 8 in Fighting
  7239 | D:8      | Found an iron altar of Okawaru.
  7257 | D:8      | Reached skill level 1 in Shields
  7270 | D:8      | Wingboner: Будешь переобуваться и идти на 15,
  7271 | D:8      | Wingboner: ?
  7308 | D:8      | theanonym: В смысле бога менять?
  7359 | D:8      | Wingboner: Агась.
  7499 | D:8      | Noticed Psyche
  7499 | D:8      | theanonym: Не пробовал ещё трога на TSO менять
  7511 | D:8      | Killed Psyche
  7511 | D:8      | Reached skill level 8 in Armour
  7511 | D:8      | Reached skill level 2 in Shields
  7640 | D:8      | Found a white marble altar of Elyvilon.
  8217 | D:8      | Wingboner: Вполне реально, только нужно весьма танковатым быть. У меня есть победа котом-берсерком, где я через лампочку к улитке ушёл.
  8324 | D:8      | theanonym: Мне вот не нравится что у гаргульи интеллект повышается который с трогом вообще бесполезен
  8343 | D:8      | Reached skill level 3 in Shields
  8398 | D:8      | theanonym: Но без него начинать слишком тяжело
  8398 | D:8      | Wingboner: !stats grbe
  8438 | D:8      | theanonym: Ну каждые 3 или 5 уровней случайный стат
  8445 | D:8      | beem: Starting stats for GrBe: Str 20 Int 7 Dex 9. Stat gain: si/4
  8497 | D:9      | Reached skill level 8 in Axes
  8638 | D:9      | Noticed a queen bee
  8642 | D:9      | Reached XP level 10. HP: 65/65 MP: 10/10
  8650 | D:9      | Reached skill level 9 in Fighting
  8686 | D:9      | Wingboner: Ну это в среднем +3 интеллекта.
  8688 | D:9      | Wingboner: Ваааще не критично.
  8710 | D:9      | Reached skill level 4 in Shields
  8713 | D:9      | Wingboner: А мне так в принципе пофигу, у меня большинство игр с улиточкой.
  8718 | D:9      | Wingboner: Там статы в любом случае все хорошие будут.
  8863 | D:9      | Noticed a two-headed ogre
  8867 | D:9      | Noticed Prince Ribbit
  8872 | D:9      | Killed a two-headed ogre
  8872 | D:9      | Reached skill level 9 in Axes
  8872 | D:9      | Reached skill level 9 in Armour
  8886 | D:9      | Noticed a two-headed ogre
  8918 | D:8      | Killed a two-headed ogre
  9052 | D:8      | Wingboner: Вообще тут s/i это отличный вариант, т.к. даже берсерки к экстенду нет-нет да выучат что-то. Вот у драконидов всё правда печально.
  9159 | D:9      | Found a shattered altar of Ashenzari.
  9169 | D:9      | Reached skill level 5 in Shields
  9293 | D:9      | Found a hazy altar of Hepliaklqana.
  9378 | D:9      | Killed Prince Ribbit
  9601 | D:9      | Found a deep blue altar of Sif Muna.
  9732 | D:10     | Entered Level 10 of the Dungeon
  9900 | D:10     | Reached XP level 11. HP: 72/72 MP: 11/11
  9920 | D:10     | Found a staircase to the Lair.
  9930 | D:10     | Reached skill level 10 in Fighting
 10260 | D:10     | Found Exerphot's Armour Emporium.
 10260 | D:10     | Found a staircase to the Orcish Mines.
 10261 | D:10     | Noticed a two-headed ogre
 10271 | D:10     | Noticed an orc knight
 10273 | D:10     | Killed a two-headed ogre
 10273 | D:10     | Reached skill level 10 in Axes
 10273 | D:10     | Reached skill level 6 in Shields
 10288 | D:10     | Killed an orc knight
 10798 | D:10     | Noticed Josephine
 10804 | D:10     | Killed Josephine
 10805 | D:10     | Reached skill level 10 in Armour
 10969 | Lair:1   | Entered Level 1 of the Lair of Beasts
 12198 | Lair:2   | theanonym: Так книги получается не все сжигать надо
 12294 | Lair:2   | You fall through a shaft for 2 floors!
 12302 | Lair:4   | Found a labyrinth entrance.
 12311 | Lab      | Entered a labyrinth
 12502 | Lab      | Noticed a minotaur
 12506 | Lab      | Killed a minotaur
 12506 | Lab      | Reached skill level 7 in Shields
 12730 | Lair:4   | Found a staircase to the Swamp.
 12939 | Lair:4   | Noticed a five-headed hydra
 12974 | Lair:4   | Killed a 13-headed hydra
 12974 | Lair:4   | Reached skill level 11 in Axes
 12974 | Lair:4   | Reached XP level 12. HP: 79/79 MP: 12/12
 13323 | Lair:3   | Reached skill level 11 in Fighting
 13484 | Lair:3   | Noticed an eight-headed hydra
 13502 | Lair:3   | Killed a 15-headed hydra
 13502 | Lair:3   | Reached skill level 8 in Shields
 13744 | Lair:3   | Reached skill level 11 in Armour
 14878 | Lair:4   | Noticed Sonja
 14921 | Lair:4   | Killed Sonja
 15098 | Lair:4   | Noticed Rupert
 15111 | Lair:4   | Paralysed by Rupert for 4 turns
 15118 | Lair:4   | Killed Rupert
 15118 | Lair:4   | Reached skill level 12 in Axes
 15384 | Lair:4   | Found a staircase to the Snake Pit.
 15590 | Lair:5   | Reached XP level 13. HP: 75/85 MP: 13/13
 15738 | Lair:5   | Reached skill level 9 in Shields
 15835 | Lair:5   | Found a staircase to the Slime Pits.
 16383 | Lair:5   | Received a gift from Trog
 16985 | Orc:1    | Entered Level 1 of the Orcish Mines
 16986 | Orc:1    | Noticed an orc warlord
 17011 | Orc:1    | Reached skill level 12 in Fighting
 17053 | Orc:1    | Killed an orc warlord
 17216 | Orc:1    | Noticed an orc warlord
 17232 | Orc:1    | Killed an orc warlord
 17332 | Orc:1    | Noticed an orc warlord
 17342 | Orc:1    | Noticed a stone giant
 17472 | Orc:1    | Killed a stone giant
 17472 | Orc:1    | Reached skill level 12 in Armour
 17494 | Orc:1    | Reached skill level 13 in Axes
 17665 | Orc:1    | Killed an orc warlord
 17894 | Orc:1    | Noticed an orc warlord
 17975 | D:10     | Killed an orc warlord
 17975 | D:10     | Reached skill level 10 in Shields
 18308 | Orc:2    | Entered Level 2 of the Orcish Mines
 18549 | Orc:2    | Gained mutation: Your large and strong wings let you fly indefinitely. [Gargoyle growth]
 18549 | Orc:2    | Reached XP level 14. HP: 92/92 MP: 14/14
 18878 | Orc:2    | Found a staircase to the Elven Halls.
 19113 | Orc:1    | Noticed an orc warlord
 19120 | Orc:2    | Wingboner: Ну на все книги у тебя и так достойных целей не будет.
 19138 | Orc:2    | Killed an orc warlord
 19141 | Orc:2    | theanonym: Нашёл кристальную броню
 19255 | Orc:2    | Wingboner: Неблохо. Только уворот у тебя как у хлебушка.
 19563 | Orc:2    | Reached skill level 13 in Fighting
 19588 | Orc:2    | HP: 1/94 [sun demon[an orc sorcerer] (11)]
 19588 | Orc:2    | Slain by a sun demon

Vault maps used:
D:1:      scummos_arrival_hexagon, minmay_splitting_lines
D:2:      serial_bayou, serial_bayou_pond_d, serial_bayou_lake_a,
          serial_bayou_ford_a, serial_bayou_pond_b
D:3:      lemuel_crystal_altar, uniq_jessica
D:4:      kennysheep_slug_shrine, temple_fountains, first_bread
D:5:      minmay_diamond_boxcup, zin_purify, marbit_many_paths,
          kennysheep_cluttered_room
D:6:      minmay_statues_item, nicolae_qazlal_style_of_elements
D:7:      kennysheep_little_box
D:8:      lemuel_upstairs_altar, okawaru_gym_becter, grunt_ministairs_3,
          elyvilon_altar_3, uniq_psyche
D:9:      led_sif_book, lemuel_crystal_altar, ashenzari_altar_1,
          uniq_prince_ribbit1
D:10:     erik_lair_orcish_takeover, orc_david_3, hangedman_fish_farm,
          uniq_josephine
Lair:1:   infiniplex_staircase_pool_2, grunt_megastairs_5
Lair:2:   lemuel_fruit_fields
Lair:4:   minmay_swamp_entry_eels, minmay_snake_entry_guardpost_medium,
          lab_entry_generic, uniq_sonja, uniq_rupert
Lair:5:   minmay_slime_entry_oklob_open
Orc:1:    minmay_orc_treasury
Orc:2:    grunt_orc_tribal_feast
Lab:      labyrinth_skeletal_remains, nicolae_lab_x

Skill      XL: |  1  2  3  4  5  6  7  8  9 10 11 12 13 14 |
---------------+-------------------------------------------+-----
Axes           | 3 4 5 6 8 9 11 12 13 | 13.9
Armour         | 3 4 6 7 8 9 10 11 12 | 12.8
Fighting       | 4 5 6 7 8 9 10 11 12 13 | 13.0
Shields        | 3 5 7 8 10 | 10.7
Dodging        | |  1.5

Action                   |  1- 3 |  4- 6 |  7- 9 | 10-12 | 13-15 || total
-------------------------+-------+-------+-------+-------+-------++-------
Melee: Hand axe          |   113 |   182 |   434 |       |       ||   729
       War axe           |       |       |   119 |   654 |   649 ||  1422
Throw: Javelin           |       |       |       |    29 |    23 ||    52
       Tomahawk          |       |       |       |     2 |       ||     2
Invok: Berserk           |       |     4 |    10 |    15 |    10 ||    39
       Trog's Hand       |       |     2 |     6 |    14 |    21 ||    43
       Burn Spellbooks   |       |       |       |     2 |       ||     2
       Brothers in Arms  |       |       |       |     5 |       ||     5
Evoke: Wand              |       |       |       |     4 |     4 ||     8
  Use: Scroll            |       |     2 |     2 |    20 |    10 ||    34
       Potion            |       |       |       |     4 |     6 ||    10
 Stab: Sleeping          |       |     1 |       |       |       ||     1
       Distracted        |       |       |       |     1 |       ||     1
  Eat: Chunk             |     2 |    12 |    17 |    20 |    12 ||    63
       Meat ration       |       |       |     2 |     5 |     2 ||     9
       Royal jelly       |       |       |       |     1 |       ||     1
       Bread ration      |       |       |       |       |     1 ||     1
Armor: Animal skin       |    47 |    24 |       |       |       ||    71
       Leather armour    |       |    37 |       |       |       ||    37
       Ring mail         |       |    11 |   280 |   226 |       ||   517
       Scale mail        |       |       |     3 |   330 |       ||   333
       Crystal plate arm |       |       |       |       |   404 ||   404
       Chain mail        |       |       |       |       |    30 ||    30
Dodge: Dodged            |    70 |   114 |   306 |   497 |   114 ||  1101
Block: Buckler           |       |       |    16 |   145 |       ||   161
       Shield            |       |       |     8 |    73 |   367 ||   448

Table legend:
 A = Spawn XP
 B = Non-spawn XP
 C = Spawn XP percentage of total XP
 D = Spawn monster count
 E = Non-spawn monster count
 F = Spawn count percentage of total count
 G = Total turns spent on level
                    A         B        C        D         E        F      G
               +---------+---------+-------+---------+---------+-------+---------
         Total |       0 |   64448 |   0.0 |       0 |     484 |   0.0 | 19588
               +---------+---------+-------+---------+---------+-------+---------
           D:1 |       0 |      39 |   0.0 |       0 |      24 |   0.0 |  1246
           D:2 |       0 |      71 |   0.0 |       0 |      18 |   0.0 |  1018
           D:3 |       0 |     165 |   0.0 |       0 |      28 |   0.0 |  1180
           D:4 |       0 |     431 |   0.0 |       0 |      17 |   0.0 |   939
           D:5 |       0 |     669 |   0.0 |       0 |      28 |   0.0 |  1292
           D:6 |       0 |     551 |   0.0 |       0 |      24 |   0.0 |   711
           D:7 |       0 |    1097 |   0.0 |       0 |      22 |   0.0 |   846
           D:8 |       0 |    2140 |   0.0 |       0 |      34 |   0.0 |  1472
           D:9 |       0 |    3622 |   0.0 |       0 |      37 |   0.0 |  1028
          D:10 |       0 |    7402 |   0.0 |       0 |      45 |   0.0 |  1762
        Lair:1 |       0 |    1553 |   0.0 |       0 |       8 |   0.0 |  1014
        Lair:2 |       0 |     570 |   0.0 |       0 |       2 |   0.0 |   714
        Lair:3 |       0 |    7113 |   0.0 |       0 |      26 |   0.0 |  1350
        Lair:4 |       0 |    7434 |   0.0 |       0 |      25 |   0.0 |  1163
        Lair:5 |       0 |    4160 |   0.0 |       0 |      19 |   0.0 |  1312
         Orc:1 |       0 |   14327 |   0.0 |       0 |      75 |   0.0 |   932
         Orc:2 |       0 |   12006 |   0.0 |       0 |      49 |   0.0 |  1191
           Lab |       0 |    1098 |   0.0 |       0 |       3 |   0.0 |   418
               +---------+---------+-------+---------+---------+-------+---------
